 Dungeon Crawl Stone Soup version 0.29-a0-284-gf9362112df (webtiles) character file.

Game seed: 890824318501396769

1336 bande the Chopper (level 8, -14/49 HPs)
             Began as a Gargoyle Fighter on Mar 23, 2022.
             Was a Follower of Okawaru.
             Demolished by an ogre
             ... wielding a +0 giant spiked club
              (16 damage)
             ... on level 6 of the Dungeon.
             The game lasted 00:10:56 (6050 turns).

bande the Chopper (Gargoyle Fighter)                Turns: 6050, Time: 00:10:56

Health: -14/49     AC: 19    Str: 21    XL:     8   Next: 61%
Magic:  0/10       EV:  6    Int: 14    God:    Okawaru [*.....]
Gold:   331        SH:  6    Dex: 17    Spells: 7/7 levels left

rFire   . . .      SeeInvis .   a - +1 war axe
rCold   . . .      Faith    .   c - +1 buckler
rNeg    + . .      Spirit   +   s - +0 plate armour
rPois   ∞          Reflect  .   A - +0 helmet
rElec   +          Harm     .   (no cloak)
rCorr   .          Rampage  .   (no gloves)
Will    .....                   (no boots)
Stlth   ..........              w - amulet of guardian spirit
HPRegen 0.16/turn               k - +6 ring of intelligence
MPRegen 0.12/turn               u - +6 ring of dexterity

@: no status effects
A: sickness immunity, AC +5, negative energy resistance 1, electricity
resistance, torment resistance 1, petrification resistance
a: Renounce Religion, Heroism


You were on level 6 of the Dungeon.
You worshipped Okawaru.
Okawaru was aware of your devotion.
You visited 2 branches of the dungeon, and saw 7 of its levels.
You also visited: Sewer.

You collected 331 gold pieces.

Inventory:

Hand Weapons
 a - a +1 war axe (weapon)
 y - a +0 flail
Armour
 c - a +1 buckler (worn)
 s - a +0 plate armour (worn)
 A - a +0 helmet (worn)
Jewellery
 h - an amulet of the acrobat
 k - a +6 ring of intelligence (left hand)
 l - a ring of flight
 u - a +6 ring of dexterity (right hand)
 w - an amulet of guardian spirit (around neck)
Wands
 q - a wand of digging (4)
 v - a wand of mindburst (12)
 x - a wand of acid (5)
Scrolls
 e - a scroll of enchant weapon
 i - 2 scrolls of holy word
 r - 2 scrolls of teleportation
Potions
 b - 2 potions of curing
 d - a potion of might
 f - a potion of lignification {unknown}
 g - 3 potions of invisibility
 j - 5 potions of heal wounds
 m - 2 potions of cancellation
 n - a potion of haste {unknown}
 p - a potion of magic {unknown}
 t - a potion of brilliance {unknown}
 z - a potion of ambrosia {unknown}


   Skills:
 + Level 5.3 Fighting
 + Level 6.3 Axes
 + Level 5.5 Armour
 + Level 4.6 Shields
 * Level 3.1 Invocations
 * Level 2.2 Evocations


You had 7 spell levels left.
You didn't know any spells.
Your spell library contained the following spells:

 Spells                   Type           Power      Damage    Failure   Level
 Foxfire                  Conj/Fire      0%         2x1d4     100%        1
 Pain                     Necr           0%         1d4       100%        1
 Slow                     Hex            0%         N/A       100%        1
 Ensorcelled Hibernation  Hex/Ice        0%         N/A       100%        2
 Confusing Touch          Hex            0%         N/A       100%        3
 Conjure Flame            Conj/Fire      0%         6-21      100%        3
 Inner Flame              Hex/Fire       0%         N/A       100%        3
 Spider Form              Tmut/Pois      0%         N/A       100%        3
 Vampiric Draining        Necr           0%         2d6       100%        3
 Anguish                  Hex/Necr       0%         N/A       100%        4
 Flame Wave               Conj/Fire      0%         2d4       100%        4
 Passage of Golubria      Tloc           0%         N/A       100%        4
 Yara's Violent Unravell  Hex/Tmut       0%         3d3       100%        5
 Animate Skeleton         Necr           Unusable   N/A       N/A         1
 Summon Small Mammal      Summ           Unusable   N/A       N/A         1
 Tukima's Dance           Hex            Unusable   N/A       N/A         3

Dungeon Overview and Level Annotations

Branches:
Dungeon (6/15)             Temple (1/1) D:4           Sewer (visited)

Altars:
Ashenzari
Dithmenos
Elyvilon
Fedhas
Gozag
Hepliaklqana
Kikubaaqudgha
Nemelex Xobeh
Okawaru
Ru
Trog
Vehumet
Xom
Yredelemnul
The Shining One

Shops:
D:4 *

Annotations:
D:3 2 runed translucent doors, siradein's ghost, weakling GrNe


Innate Abilities, Weirdness & Mutations

You are immune to sickness and miasma.
Your stone body is resilient. (AC +5)
You are immune to poison.
You resist negative energy. (rN+)
You are resistant to electric shocks. (rElec)
You are resistant to unholy torment.
You are immune to petrification.


Message History

A scorpion is nearby!
You barely miss the scorpion. The scorpion barely misses you. x2
You hit the scorpion but do no damage. You block the scorpion's attack.
You completely miss the scorpion. The scorpion stings you. x2
You closely miss the scorpion. The scorpion stings you.
You slash the scorpion!
The scorpion is severely wounded.
You block the scorpion's attack.
The scorpion stings you but does no damage.
You slash the scorpion!
You kill the scorpion!
Okawaru accepts your kill.
No target in view!
No target in view!
No target in view!
No target in view!
No target in view!
HP restored.
You see here a scorpion corpse.
An ogre comes into view. It is wielding a +0 giant spiked club.
The ogre shouts!
An ogre is nearby!
Found a falchion.
You hit the ogre.
The ogre is lightly wounded.
The ogre hits you with a +0 giant spiked club!
You closely miss the ogre.
The ogre is lightly wounded.
The ogre hits you with a +0 giant spiked club!!
You slash the ogre!
The ogre is heavily wounded.
The ogre hits you with a +0 giant spiked club!!
* * * LOW HITPOINT WARNING * * *
You hit the ogre.
The ogre is severely wounded.
The ogre barely misses you.
You hit the ogre.
The ogre is almost dead.
The ogre hits you with a +0 giant spiked club!
You die...

#######.#
#................ ..
#.#####........#.####.#
##. #............###.#
#.# #######.##........
#.##..... #.##..####.#
#..........#
####..##### #@.#
#O....... #...#####
#...# #...# #....
...### #)##


You could see an ogre.

Vanquished Creatures
  A water moccasin (D:5)
  2 ogres
  A black bear (D:5)
  2 phantoms
  Blork the orc (D:5)
  2 bullfrogs (Sewer)
  2 scorpions
  4 hounds
  2 jellies (D:5)
  Jessica (D:2)
  An iguana (D:6)
  4 gnolls (D:5)
  2 river rats
  14 adders
  A shadow imp (D:6)
  A worm (D:2)
  2 dart slugs
  5 orcs
  4 bats (D:2)
  5 endoplasms
  A giant cockroach (D:3)
  5 goblins
  3 hobgoblins
  7 kobolds
  5 quokkas
  17 ball pythons
  7 frilled lizards
  30 rats
132 creatures vanquished.

Notes
Turn   | Place    | Note
-------+----------+-------------------------------------------
     0 | D:1      | bande the Gargoyle Fighter began the quest for the Orb.
     0 | D:1      | Reached XP level 1. HP: 14/14 MP: 1/1
   457 | D:1      | Reached XP level 2. HP: 19/19 MP: 2/2
   514 | D:1      | Reached skill level 2 in Axes
  1075 | D:2      | Reached XP level 3. HP: 21/23 MP: 3/3
  1444 | D:2      | Found a faded altar of an unknown god.
  1454 | D:2      | Got Plato's Reference Book on the Entourage
  1549 | D:2      | Noticed Jessica
  1551 | D:2      | Killed Jessica
  1552 | D:2      | Reached XP level 4. HP: 29/29 MP: 4/4
  1826 | D:3      | Found a glowing drain.
  1850 | Sewer    | Entered a sewer
  1897 | Sewer    | Reached skill level 3 in Axes
  1897 | Sewer    | Reached XP level 5. HP: 32/33 MP: 5/5
  2127 | Sewer    | Reached skill level 4 in Axes
  2127 | Sewer    | Reached XP level 6. HP: 33/39 MP: 6/6
  2466 | D:3      | Found a large runed translucent door.
  2467 | D:3      | Found a large runed translucent door.
  2468 | D:3      | Noticed siradein's ghost (weakling GrNe)
  2989 | D:4      | Found Palituh's Practical Paraphernalia.
  3188 | D:4      | Reached XP level 7. HP: 40/44 MP: 7/7
  3236 | D:4      | Found a staircase to the Ecumenical Temple.
  3243 | Temple   | Entered the Ecumenical Temple
  3307 | Temple   | Became a worshipper of Warmaster Okawaru
  3351 | D:4      | Identified the +1 leather armour of Hubris {+Inv Int+4}
  3675 | D:4      | Identified the +1 ring mail of Mental Paralysis {Str+3
                  | Stlth-}
  3869 | D:5      | Entered Level 5 of the Dungeon
  3875 | D:5      | Reached skill level 5 in Axes
  3918 | D:5      | Noticed Blork the orc
  3930 | D:5      | Killed Blork the orc
  3931 | D:5      | Reached skill level 1 in Invocations
  4173 | D:5      | Reached skill level 1 in Evocations
  4516 | D:5      | Reached skill level 5 in Fighting
  4597 | D:5      | Reached skill level 5 in Armour
  4597 | D:5      | Reached XP level 8. HP: 48/49 MP: 7/9
  4654 | D:5      | Reached * piety under Okawaru
  5056 | D:5      | Reached skill level 6 in Axes
  6048 | D:6      | HP: 1/49 [ogre/+0 giant spiked club (19)]
  6050 | D:6      | Demolished by an ogre

Illustrated notes

Levels and vault maps discovered:
D:1:      dpeg_arrival_renting, layout_basic
D:2:      layout_loops_ring, shapermc_ecumenical_altar_rom_forum,
          wad_floor_pattern_2, serial_bayou_pond_d, uniq_jessica
D:3:      layout_loops_corners, ebering_ghost_disaster_area,
          portal_sewer_entry_a
D:4:      layout_basic, minmay_temple_entry_arrows, nicolae_alphabet_shops
D:5:      layout_rooms, uniq_blork_the_orc
D:6:      layout_loops_ring
Temple:   mainiacjoe_temple_coin_purse

Skill      XL: |  1  2  3  4  5  6  7  8 |
---------------+-------------------------+-----
Axes           | 2 3 4 5 6 |  6.3
Armour         | 4 5 |  5.5
Fighting       | 4 5 |  5.3
Shields        | 4 |  4.6
Invocations    | 1 3 |  3.1
Evocations     | 1 2 |  2.2

Action                   |  1- 3 |  4- 6 |  7- 9 || total
-------------------------+-------+-------+-------++-------
Melee: War axe           |    82 |   149 |   134 ||   365
  Use: Scroll            |     4 |     4 |     6 ||    14
Armor: Scale mail        |    32 |       |       ||    32
       Chain mail        |    15 |   105 |       ||   120
       Plate armour      |       |    26 |    88 ||   114
Dodge: Dodged            |    46 |    70 |    41 ||   157
Block: Buckler           |    21 |    38 |    38 ||    97

Table legend: (Time is in decaauts)
 A = Elapsed time spent in this place.
 B = Non-inter-level travel time spent in this place.
 C = Inter-level travel time spent in this place.
 D = Time resting spent in this place.
 E = Time spent auto-exploring this place.
 F = Levels seen in this place.
 G = Mean time per level.
                   A        B        C        D        E       F      G
               +--------+--------+--------+--------+--------+-----+--------+
         Total |   6211 |   6180 |     31 |   1019 |   3845 |   8 |  776.4 |
       Dungeon |   5707 |   5676 |     31 |   1019 |   3571 |   6 |  951.2 |
        Temple |     77 |     77 |      0 |      0 |     49 |   1 |   77.0 |
         Sewer |    426 |    426 |      0 |      0 |    224 |   1 |  426.0 |
               +--------+--------+--------+--------+--------+-----+--------+

Top non-repeatable levels by time:
     D:5: 1394 daAuts
     D:3: 1005 daAuts
     D:1: 975 daAuts
     D:4: 834 daAuts
     D:6: 812 daAuts
     D:2: 684 daAuts
   Sewer: 426 daAuts
  Temple: 77 daAuts
